 Dungeon Crawl Stone Soup version 0.27.1-34-g3ba077fa99 (webtiles) character file.

Game seed: 4502190006384152570

269 ticklebelly the Chopper (level 6, 0/57 HPs)
             Began as a Minotaur Berserker on Jan 4, 2022.
             Was a Priest of Trog.
             Slain by an orc (4 damage)
             ... on level 3 of the Dungeon.
             The game lasted 00:08:03 (2867 turns).

ticklebelly the Chopper (Minotaur Berserker)        Turns: 2867, Time: 00:08:04

Health: 0/57       AC:  9    Str: 30    XL:     6   Next: 1%
Magic:  5/5        EV:  9    Int:  4    God:    Trog [***...]
Gold:   107        SH:  0    Dex:  9    Spells: 5/5 levels left

rFire    . . .     SeeInvis .   s - +0 battleaxe
rCold    . . .     Faith    .   (shield currently unavailable)
rNeg     . . .     Spirit   .   d - +0 chain mail
rPois    .         Reflect  .   (helmet restricted)
rElec    .         Harm     .   (no cloak)
rCorr    .         Rampage  .   (no gloves)
Will     .....                  (no boots)
Stlth    ..........             (no amulet)
HPRegen  0.19/turn              c - +6 ring of strength
MPRegen  0.09/turn              (no ring)

@: no status effects
A: horns 2, retaliatory headbutt
a: Renounce Religion, Berserk, Trog's Hand


You were on level 3 of the Dungeon.
You worshipped Trog.
Trog was most pleased with you.
You visited 1 branch of the dungeon, and saw 4 of its levels.

You collected 107 gold pieces.

Inventory:

Hand Weapons
 s - a +0 battleaxe (weapon)
 t - a +1 vorpal flail
Missiles
 j - 4 javelins (quivered)
Armour
 d - a +0 chain mail (worn)
Jewellery
 a - a +4 ring of evasion
 c - a +6 ring of strength (left hand)
 o - a ring of fire
Scrolls
 b - a scroll of immolation {unknown}
 f - 2 scrolls of identify {unknown}
 i - a scroll of teleportation {unknown}
 k - a scroll of amnesia {unknown}
 l - a scroll of silence {unknown}
 m - a scroll of fear {unknown}
 n - a scroll of blinking {unknown}
 u - a scroll of enchant armour {unknown}
Potions
 e - 2 potions of flight {unknown}
 g - a potion of attraction {unknown}
 h - 2 potions of curing {unknown}
 p - a potion of haste {unknown}
 q - a potion of might {unknown}


   Skills:
 + Level 5.8 Fighting
 + Level 5.8 Axes
 - Level 4.0 Armour
 - Level 2.1 Dodging


You had 5 spell levels left.
You didn't know any spells.
Your spell library was empty.

Dungeon Overview and Level Annotations

Branches:
Dungeon (4/15)
 Temple: D:4-7

Altars:
Cheibriados

Annotations:
D:3 Grinder


Innate Abilities, Weirdness & Mutations

You have a pair of horns on your head.
You reflexively headbutt those who attack you in melee.


Message History

You feel stronger.
You climb upwards.
There is a stone staircase leading down here.
You slash the orc!
You kill the orc!
Trog accepts your kill.
You climb downwards.
You hear the sound of rushing water.
There is an entrance to a sewer on this level.
Hurry and find it before the portal rusts away!
Level annotation: Grinder The iguana hisses angrily.
The orc warrior barely misses you. You furiously retaliate!
You headbutt the orc warrior.
There is a stone staircase leading up here.
You barely miss the orc priest. You headbutt the orc priest!
The orc priest is almost dead.
You hit the orc warrior but do no damage.
The orc warrior hits you with a +0 dire flail!
The orc priest calls down the wrath of Beogh upon you.
Pain shoots through your body! The orc hits you but does no damage.
The orc warrior closely misses you.
The orc priest mumbles some strange prayers to Beogh against you.
Beogh smites you!
* * * LOW HITPOINT WARNING * * *
The quokka barely misses you. The orc hits you with a +0 falchion.
* * * LOW HITPOINT WARNING * * *
The orc warrior barely misses you. Grinder gestures at you.
Pain shoots through your body!
* * * LOW HITPOINT WARNING * * *
You climb upwards.
There is a stone staircase leading down here.
You closely miss the orc priest. You headbutt the orc priest.
You kill the orc priest!
Trog accepts your kill.
You miss the quokka. You barely miss Grinder. You slash the orc warrior!
You hit the orc but do no damage.
The quokka bites you but does no damage.
The orc hits you with a +0 falchion.
You die...

.#### #........#..#.#...# #..
....# #........#....'...#######..
....##########.#.####.........#..
..............................#..
.................######.......#..
.................######.......#..
##....########........#########..
#....# #.5o)....# #.. #P..##
#.r@o....# #.. ##...# #...)...>#
##.. ##.## #........# #... ##.#
#........########### #.##
#........##......# ##.#
#........##..###.# #.##
#........##..#[#.### ##)##
#............###.... #...#
######'#####......##


You could see Grinder, an orc warrior, an orc and a quokka.

Vanquished Creatures
  Crazy Yiuf (D:3)
  An orc priest (D:3)
  A hound (D:2)
  3 adders
  10 gnolls (D:3)
  3 dart slugs (D:2)
  9 orcs
  2 endoplasms
  6 giant cockroaches
  5 goblins
  7 hobgoblins
  2 jackals (D:2)
  4 kobolds
  3 quokkas
  10 ball pythons
  5 bats
  2 frilled lizards
  7 rats
81 creatures vanquished.

Vanquished Creatures (others)
  4 fungi (D:3)
4 creatures vanquished.

Grand Total: 85 creatures vanquished

Notes
Turn   | Place    | Note
-------+----------+-------------------------------------------
     0 | D:1      | ticklebelly the Minotaur Berserker began the quest for the
                  | Orb.
     0 | D:1      | Reached XP level 1. HP: 19/19 MP: 0/0
   151 | D:1      | Found a faded altar of an unknown god.
   195 | D:1      | Reached XP level 2. HP: 27/27 MP: 1/1
   309 | D:1      | Reached ** piety under Trog
   601 | D:2      | Reached XP level 3. HP: 33/33 MP: 2/2
  1137 | D:2      | Reached XP level 4. HP: 35/41 MP: 3/3
  1599 | D:3      | Reached *** piety under Trog
  1601 | D:3      | Reached skill level 5 in Fighting
  1601 | D:3      | Reached skill level 5 in Axes
  1601 | D:3      | Reached XP level 5. HP: 48/48 MP: 4/4
  2693 | D:3      | Found a runed translucent door.
  2694 | D:3      | Noticed Crazy Yiuf
  2707 | D:3      | Killed Crazy Yiuf
  2854 | D:4      | Noticed Grinder
  2854 | D:4      | Noticed an orc warrior
  2854 | D:4      | Found a snail-covered altar of Cheibriados.
  2855 | D:4      | Paralysed by Grinder for 4 turns
  2860 | D:4      | Reached XP level 6. HP: 47/57 MP: 5/5
  2867 | D:3      | Slain by an orc

Illustrated notes

Levels and vault maps discovered:
D:1:      dpeg_arrival_rhombus, layout_rooms,
          hellmonk_ecumenical_altar_crossroads
D:2:      layout_basic
D:3:      layout_basic, serial_co_window_serial, co_window_paths_a,
          co_window_paths_a, co_window_paths_b, co_window_paths_b,
          co_window_paths_b, co_window_corner_ca, co_window_unsneaky_path_b,
          co_window_paths_c, co_window_of_opportunity_b,
          co_window_unsneaky_path_d, item_on_display_a, uniq_crazy_yiuf_cottage
D:4:      layout_basic, lemuel_crystal_altar, elyvilon_altar_4,
          trog_three_pillars_becter, portal_sewer_entry_d, uniq_grinder

Skill      XL: |  1  2  3  4 |
---------------+-------------+-----
Fighting       | 4 5 |  5.8
Axes           | 4 5 |  5.8
Armour         | 3 4 |  4.0
Dodging        | |  2.1

Action                   |  1- 3 |  4- 6 || total
-------------------------+-------+-------++-------
Melee: Hand axe          |    80 |    27 ||   107
       Headbutt          |    13 |    15 ||    28
       Battleaxe         |       |    29 ||    29
       War axe           |       |    16 ||    16
Invok: Berserk           |       |     2 ||     2
       Trog's Hand       |       |     1 ||     1
Armor: Chain mail        |    43 |    28 ||    71
Dodge: Dodged            |    30 |    38 ||    68
